 Dungeon Crawl Stone Soup version 0.30-a0-311-gf115ab0292 (webtiles) character file.

Game seed: 2363280230188827986

450644 billz999 the Marksgnoll (level 23, -3/187 HPs)
             Began as a Gnoll Hunter on Oct 25, 2022.
             Was the Champion of Kikubaaqudgha.
             Slain by a golden dragon (10 damage)
             ... on level 5 of the Vaults.
             The game lasted 04:58:21 (73485 turns).

billz999 the Marksgnoll (Gnoll Hunter)             Turns: 73485, Time: 04:58:21

Health: -3/187     AC: 34    Str:  9    XL:     23   Next: 96%
Magic:  43/43      EV: 15    Int: 16    God:    Kikubaaqudgha [******]
Gold:   1918       SH:  5    Dex: 36    Spells: 31/55 levels left

rFire   + + +      SeeInvis .    a - +9 arbalest "Orb Guardian's Foe" {penet, rF++}
rCold   + + +      Faith    .    (shield currently unavailable)
rNeg    + . .      Spirit   .    p - +13 chain mail of Ifiogeix {rC++ rN+ Dex-4}
rPois   .          Reflect  +    f - +0 helmet {Int+3}
rElec   .          Harm     .    H - scarf {+Inv}
rCorr   .          Rampage  .    w - +0 pair of gloves of Zorof {+Blink}
Will    +....                    l - +2 pair of boots {Fly}
Stlth   +++++.....               u - amulet of reflection
HPRegen 0.51/turn                G - +6 ring of dexterity
MPRegen 0.28/turn                D - +6 ring of intelligence

@: flying, very slightly contaminated, studying Axes
A: fangs 1, strong nose, distributed training, claws 1, agile 2, cold resistance
2, fire resistance 1
}: 3/15 runes: barnacled, abyssal, gossamer
a: Renounce Religion, Evoke Blink, Evoke Invisibility, Unearth Wretches, Torment


You were on level 5 of the Vaults.
You worshipped Kikubaaqudgha.
Kikubaaqudgha was exalted by your worship.
You visited 8 branches of the dungeon, and saw 42 of its levels.
You visited the Abyss 5 times.
You also visited: Trove and Gauntlet.

You collected 7797 gold pieces.
You spent 5879 gold pieces at shops.

Inventory:

Hand Weapons
 a - the +9 arbalest "Orb Guardian's Foe" (weapon) {penet, rF++}
   (You found it on level 3 of the Vaults)

   Any ammunition fired by it passes through the targets it hits, potentially
   hitting all targets in its path until it reaches maximum range.
   rF:        It greatly protects you from fire.
 b - the +13 scythe of Curses {drain, Drain}
   (You bought it in a shop on level 4 of the Shoals)

   A truly terrible weapon, it drains the life of any living foe it strikes.
   It inflicts powerful necromantic curses on any living foe it strikes.
   Drain:     It drains your maximum health when unequipped.
 g - a +9 arbalest of pain
 o - the +9 sling of Aroelauf {drain, rPois Will- Int+2 SInv}
   (You found it in a treasure trove)

   A truly terrible weapon, it drains the life of any living foe it strikes.
   Int:       It affects your intelligence (+2).
   rPois:     It protects you from poison.
   SInv:      It lets you see invisible.
   Will:      It decreases your willpower.
Missiles
 i - 10 throwing nets
 A - 2 silver javelins
Armour
 f - a +0 helmet of intelligence (worn)
 l - a +2 pair of boots of flying (worn)
 p - the +13 chain mail of Ifiogeix (worn) {rC++ rN+ Dex-4}
   (You found it on level 3 of the Elven Halls)

   Dex:       It affects your dexterity (-4).
   rC:        It greatly protects you from cold.
   rN:        It protects you from negative energy.
 w - the +0 pair of gloves of Zorof (worn) {+Blink}
   (You acquired it on level 9 of the Dungeon)

   +Blink:    It lets you blink.
 H - a scarf of invisibility (worn)
 K - the +6 scale mail of the Frog {rF++ Regen+ rCorr Int-2}
   (You found it on level 7 of the Dungeon)

   Int:       It affects your intelligence (-2).
   rF:        It greatly protects you from fire.
   Regen:     It increases your rate of health regeneration.
   rCorr:     It protects you from acid and corrosion.
 Y - the +2 cloak of the Thief {*Fog Slay-2 SInv Stlth+}
   (You found it in a Gauntlet)

   It may release a thick cloud of smoke when the wearer is hurt.
   Slay:      It affects your accuracy & damage with ranged weapons and melee
   (-2).
   SInv:      It lets you see invisible.
   Stlth:     It makes you more stealthy.
Jewellery
 h - a ring of see invisible
 u - an amulet of reflection (around neck)
 x - a ring of protection from cold
 D - a +6 ring of intelligence (right hand)
 E - a ring of positive energy
 G - a +6 ring of dexterity (left hand)
 R - the ring "Ugoick" {*Slow rElec rPois Str-2 Int+6}
   (You found it in a Gauntlet)

   [ring of intelligence]

   Str:       It affects your strength (-2).
   Int:       It affects your intelligence (+6).
   rElec:     It insulates you from electricity.
   rPois:     It protects you from poison.
   *Slow:     It may slow you when you take damage.
Wands
 m - a wand of flame (74)
 z - a wand of polymorph (10)
 T - a wand of iceblast (14)
Scrolls
 e - 2 scrolls of silence
 k - 24 scrolls of identify
 n - 9 scrolls of immolation
 t - 5 scrolls of enchant armour
 v - 8 scrolls of amnesia
 y - 5 scrolls of magic mapping
 Q - 3 scrolls of poison
 U - 5 scrolls of brand weapon
 W - 2 scrolls of fear
Potions
 j - 3 potions of magic
 q - a potion of haste
 C - 10 potions of flight
 I - 2 potions of ambrosia
 J - 7 potions of mutation
 L - 2 potions of cancellation
 N - 7 potions of lignification
 O - 5 potions of brilliance
 P - 6 potions of attraction
 S - 5 potions of might
 V - 2 potions of resistance
Miscellaneous
 c - a phial of floods (inert)
 r - a lightning rod (4/4)
 X - a condenser vane (inert)


   Skills:
 + Level 17.1 Fighting
 + Level 16.5 Short Blades
 + Level 16.5 Long Blades
 + Level 17.0 Axes
 + Level 16.5 Maces & Flails
 + Level 16.5 Polearms
 + Level 16.5 Staves
 + Level 18.3 Ranged Weapons
 + Level 16.5 Throwing
 + Level 16.5 Armour
 + Level 17.1 Dodging
 + Level 16.7 Stealth
 + Level 16.5 Shields
 + Level 16.5 Unarmed Combat
 + Level 16.5 Spellcasting
 + Level 14.1 Conjurations
 + Level 14.1 Hexes
 + Level 14.1 Summonings
 + Level 14.1 Necromancy
 + Level 14.1 Translocations
 + Level 14.1 Transmutations
 + Level 14.1 Fire Magic
 + Level 14.1 Ice Magic
 + Level 14.1 Air Magic
 + Level 14.1 Earth Magic
 + Level 14.1 Poison Magic
 + Level 17.9 Invocations
 + Level 16.5 Evocations


You had 31 spell levels left.
You knew the following spells:

 Your Spells              Type           Power      Damage    Failure   Level
a - Borgnjor's Vile Clut  Necr/Erth      27%        N/A       9%          5
b - Irradiate             Conj/Tmut      27%        3d20      9%          5
c - Cause Fear            Hex            27%        N/A       3%          4
d - Dispel Undead         Necr           55%        3d20      3%          4
e - Death Channel         Necr           27%        N/A       43%         6

Your spell library contained the following spells:

 Spells                   Type           Power      Damage    Failure   Level
 Apportation              Tloc           100%       N/A       1%          1
 Kiss of Death            Conj/Necr      100%       2d13      1%          1
 Necrotise                Necr           100%       1d9       1%          1
 Sandblast                Erth           100%       2d20      1%          1
 Summon Small Mammal      Summ           100%       N/A       1%          1
 Cigotuvi's Dreadful Rot  Necr/Pois/Air  100%       N/A       1%          2
 Poisonous Vapours        Pois/Air       100%       N/A       1%          2
 Static Discharge         Conj/Air       100%       2-7/arc   1%          2
 Sublimation of Blood     Necr           55%        N/A       1%          2
 Call Canine Familiar     Summ           55%        N/A       1%          3
 Hailstorm                Conj/Ice       55%        3d12      1%          3
 Inner Flame              Hex/Fire       55%        N/A       1%          3
 Kindle Blastsparks       Fire/Tloc/Air  100%       2d18      1%          3
 Mephitic Cloud           Conj/Pois/Air  55%        N/A       1%          3
 Portal Projectile        Hex/Tloc       100%       N/A       1%          3
 Spider Form              Tmut/Pois      55%        N/A       1%          3
 Stone Arrow              Conj/Erth      100%       3d13      1%          3
 Teleport Other           Tloc           55%        N/A       1%          3
 Vampiric Draining        Necr           55%        2d9       1%          3
 Anguish                  Hex/Necr       27%        N/A       3%          4
 Animate Armour           Summ/Erth      100%       N/A       3%          4
 Animate Dead             Necr           55%        N/A       3%          4
 Fulminant Prism          Conj/Hex       27%        3d14      3%          4
 Iskenderun's Mystic Bla  Conj/Tloc      55%        2d12      3%          4
 Leda's Liquefaction      Hex/Erth       27%        N/A       3%          4
 Petrify                  Tmut/Erth      55%        N/A       3%          4
 Summon Ice Beast         Ice/Summ       55%        N/A       3%          4
 Summon Lightning Spire   Summ/Air       55%        N/A       3%          4
 Agony                    Necr           55%        N/A       9%          5
 Alistair's Intoxication  Tmut/Pois      36%        N/A       9%          5
 Blade Hands              Tmut           27%        N/A       9%          5
 Lee's Rapid Deconstruct  Erth           27%        3d15*     9%          5
 Summon Mana Viper        Hex/Summ       55%        N/A       9%          5
 Yara's Violent Unravell  Hex/Tmut       27%        3d12      9%          5
 Iron Shot                Conj/Erth      27%        9d6       43%         6
 Simulacrum               Ice/Necr       27%        N/A       43%         6
 Dragon Form              Tmut           27%        N/A       95%         7
 Enfeeble                 Hex            27%        N/A       95%         7
 Malign Gateway           Summ/Tloc      27%        N/A       95%         7
 Discord                  Hex            27%        N/A       100%        8
 Lehudib's Crystal Spear  Conj/Erth      27%        10d7      100%        8
 Summon Horrible Things   Summ           27%        N/A       100%        8
 Dragon's Call            Summ           27%        N/A       100%        9


Dungeon Overview and Level Annotations

Branches:
Dungeon (15/15)            Temple (0/1) D:5            Lair (5/5) D:10
 Shoals (4/4) Lair:2       Spider (4/4) Lair:3        Slime (0/5) Lair:4
    Orc (2/2) D:9             Elf (3/3) Orc:2        Vaults (5/5) D:14
  Crypt (0/3) Vaults:3     Depths (4/4) D:15            Zot (0/5) Depths:4
Gauntlet (visited)

Altars:
Ashenzari
Cheibriados
Dithmenos
Elyvilon
Fedhas
Gozag
Hepliaklqana
Kikubaaqudgha
Makhleb
Nemelex Xobeh
Okawaru
Sif Muna
Trog
Uskayaw
Vehumet
Wu Jian
Xom
Yredelemnul
Zin

Shops:
D:1 ?   D:9 ?*(   D:11 *   Orc:2 *([   Elf:2 :=:   Shoals:2 [   Shoals:4 (
Vaults:4 [**=   Depths:3 [

Portals:
Hell: Depths:1 Depths:2 Depths:3 Depths:4
Abyss: Lair:5 Depths:1 Depths:3
Pandemonium: Depths:2 Depths:3
Ziggurat: Depths:4

Annotations:
D:9 3 runed translucent doors, 4 transporters, MrSquiggles's ghost, novice OpDe
Lair:4 3 runed translucent doors, Aluic's ghost, adept MiBe; ragingrage's ghost, journeyman VSBr
Lair:5 1 runed translucent door, 2 transporters, porpoise's ghost, journeyman MfMo
Shoals:1 Roxanne
Vaults:2 6 runed translucent doors
Depths:1 1 transporter


Innate Abilities, Weirdness & Mutations

You have very sharp teeth.
Your uncanny sense of smell can sniff out nearby items.
Your experience applies equally to all skills.
You have sharp fingernails.
You are very agile. (Dex +8, Str/Int -2)
Your flesh is very cold resistant. (rC++)
Your flesh is heat resistant. (rF+)


Message History

You block the golden dragon's attack. The golden dragon barely misses you.
You are confused.
You feel invigorated.
You feel sick.
The vault warden is engulfed in blazing flames.
The golden dragon bites you but does no damage.
The golden dragon barely misses you.
The golden dragon tramples you but does no damage.
You bump into the heavily etched metal wall.
You feel sick.
The vault warden is engulfed in blazing flames.
The golden dragon bites you but does no damage.
The golden dragon closely misses you.
The golden dragon tramples you but does no damage.
You bump into the heavily etched metal wall.
You feel less invigorated.
You feel less confused.
You feel sick. The golden dragon breathes fire at you.
The bolt of fire hits you. You resist.
* * * LOW HITPOINT WARNING * * *
You hear a shout!
You feel sick.
You are no longer poisoned.
As you read the scroll of summoning, it crumbles to dust.
Wisps of shadow whirl around you... The golden dragon breathes cold at you.
The bolt of cold hits you! You resist.
* * * LOW HITPOINT WARNING * * *
You hear a shout! x3
Unknown command.
As you read the scroll of butterflies, it crumbles to dust.
You hear the tinkle of a tiny bell.
Your war gargoyle launches metal splinters at the golden dragon.
The spray of metal splinters misses your butterfly.
The spray of metal splinters hits the golden dragon!!
The golden dragon bites you but does no damage.
The golden dragon claws you but does no damage.
The golden dragon tramples you!
You die...
Kikubaaqudgha rasps: "You have failed me!
Welcome... death!"

c.. #T.#∆∆∆ ....#p.#∆∆∆ ∆∆∆
....#..### ∆∆∆ ....#.... ∆∆∆
..Tp#.... ...p....
......#######################p
.............bbb@Dbbbb○§....).
.<<...ppp..?bbbbbbebb§§§......
<..<...C....Xbb9bbb§bb§p†))...
.<<......p..bbbbbb§bbb.§)))c..
?....W#######################.
......# ....##X# ∆ ..p.# #W#
.p..# #.#


You could see a tentacled monstrosity (ally target), a golden dragon (catching
breath, ally target), a vault warden, a vault guard (fleeing), a friendly deep
elf death mage (summoned) and a friendly war gargoyle (summoned, catching
breath).

Vanquished Creatures
  Mara (Vaults:4)
  A juggernaut (Abyss:5)
  2 golden dragons
  Arachne (Spider:3)
  3 bone dragons
  The ghost of Mafuddif the Slayer, an adept HOFi of Beogh (Depths:1)
  3 doom hounds (Depths:4)
  The ghost of scionoferis the Gelid, an adept GrCA of Ignis (Vaults:2)
  Grunn (Depths:4)
  A lich (Abyss:3)
  A tentacled monstrosity (Abyss:5)
  A walking divine tome (Depths:3)
  3 titans
  2 deep elf master archers (Elf:3)
  4 deep elf blademasters (Elf:3)
  3 sphinxes
  A kraken (Shoals:3)
  Kirke (Spider:1)
  Polyphemus (Shoals:4)
  8 tentacled starspawn
  2 tengu reavers
  Donald (Shoals:1)
  3 shadow dragons
  A storm dragon (Depths:4)
  A fenstrider witch (Shoals:4)
  2 daevas (Depths:2)
  Louise (Depths:3)
  5 fire giants
  Aizul (Vaults:1)
  6 deep elf sorcerers
  2 draconian shifters (Depths:4)
  2 iron dragons
  4 emperor scorpions (Spider:4)
  An angel (Abyss:5)
  3 ghost moths
  5 frost giants
  11 vault wardens
  3 deep elf elementalists (Elf:3)
  4 spriggan defenders
  2 reapers (Depths:4)
  A draconian stormcaller (Depths:4)
  5 orc warlords
  13 ironbound preservers
  12 very ugly things
  2 ophanim (Abyss:5)
  2 broodmothers (Spider:3)
  A vampire knight (Depths:1)
  5 deep elf demonologists (Elf:3)
  5 ironbound thunderhulks
  7 stone giants
  Nessos (Lair:3)
  A yellow draconian (Depths:4)
  6 dire elephants
  4 deep elf annihilators (Elf:3)
  A purple draconian (Depths:4)
  A minotaur (Gauntlet)
  2 red draconians (Depths:4)
  2 crystal guardians
  2 spark wasps (Spider:4)
  8 deep elf death magi
  4 fire dragons
  4 merfolk javelineers
  9 merfolk impalers
  6 ettins
  8 yaktaur captains
  4 deep elf high priests (Elf:3)
  8 hydras
  6 entropy weavers
  22 vault guards
  3 great orbs of eyes
  4 ice dragons
  3 spriggan air magi
  2 peacekeepers
  7 ironbound frosthearts
  4 radroaches
  3 merfolk avatars
  8 boulder beetles
  5 two-headed ogres
  9 merfolk aquamancers
  18 centaur warriors
  A catoblepas (Shoals:4)
  32 dancing weapons
  3 satyrs
  3 alligator snapping turtles
  3 deep troll shamans
  3 tengu warriors (Depths:1)
  A death yak (Lair:4)
  7 thrashing horrors
  2 wretched stars (Abyss:5)
  2 deep troll earth magi
  4 orc high priests
  A spriggan berserker (Depths:4)
  2 sun demons
  2 hell knights
  24 deep elf knights
  A spriggan (Depths:4)
  A shadow wraith (Abyss:2)
  2 sixfirhies
  A salamander mystic (Depths:4)
  2 sun moths
  3 skeletal warriors
  6 pharaoh ants
  51 deep trolls
  A spatial maelstrom (Abyss:3)
  8 orb spiders
  14 steelbarb worms
  A death drake (shapeshifter) (D:14)
  6 glowing orange brains
  13 sea snakes
  3 flayed ghosts
  17 deep elf archers
  2 cherubim (Abyss:5)
  26 deep elf zephyrmancers
  6 wizards
  7 necromancers
  4 lindwurms
  A phantasmal warrior (Vaults:5)
  11 ironbound convokers
  19 deep elf pyromancers
  11 harpies
  A human zombie (Vaults:1)
  13 orc knights
  23 ugly things
  14 fauns
  15 manticores
  8 orc sorcerers
  16 wolf spiders
  2 salamanders (Depths:4)
  3 cyclopes
  Maurice (D:8)
  9 vault sentinels
  A guardian serpent (Lair:4)
  Joseph (D:8)
  4 moths of wrath
  15 merfolk sirens
  3 elephants (Lair:5)
  An eye of devastation (shapeshifter) (Vaults:2)
  5 apocalypse crabs
  6 black mambas
  5 smoke demons
  5 orange demons
  14 torpor snails
  6 water nymphs
  13 cane toads
  Maggie (D:7)
  14 large abominations
  4 gargoyles
  10 komodo dragons
  14 demonic crawlers
  Psyche (D:8)
  3 kobold demonologists
  An unseen horror (D:12)
  3 tormentors (Depths:4)
  A rime drake (Lair:2)
  2 freezing wraiths
  36 yaktaurs
  An ice devil (D:15)
  2 efreet (D:15)
  4 ancient zymes
  26 merfolk
  5 wind drakes
  3 red devils
  13 polar bears
  7 trolls
  8 hornets
  A wolf spider simulacrum (D:15)
  2 meliai (Spider:4)
  11 raiju
  11 tarantellas
  A hornet (shapeshifter) (D:14)
  4 tyrant leeches (Lair:5)
  25 slime creatures
  A blink frog (shapeshifter) (D:15)
  16 blink frogs
  A dream sheep (shapeshifter) (Vaults:5)
  5 dream sheep
  10 snapping turtles
  14 jumping spiders
  Sigmund (D:5)
  15 culicivoras
  2 shadows
  46 yaks
  11 starcursed masses
  An ettin skeleton (Abyss:5)
  3 wraiths
  34 water elementals
  6 ynoxinuls
  5 wyverns (D:10)
  4 hogs (Spider:1)
  5 neqoxecs
  30 redbacks
  2 fire elementals
  6 vampire mosquitoes
  3 basilisks
  2 chaos spawn
  A human simulacrum (Vaults:1)
  2 spatial vortices (Abyss:3)
  3 steam dragons
  7 wargs
  8 small abominations
  A glowing shapeshifter zombie (Vaults:1)
  13 hell hounds (Lair:5)
  11 water moccasins
  41 orc warriors
  2 ice beasts
  5 sky beasts
  12 black bears
  8 ogres
  13 wolves
  9 boggarts
  18 centaurs
  A phantom (D:6)
  A kobold brigand (D:11)
  5 elf zombies
  3 earth elementals
  13 bullfrogs
  4 scorpions
  A human skeleton (Vaults:1)
  A necrophage (D:4)
  2 gnoll sergeants
  3 wights (D:8)
  10 killer bees
  6 howler monkeys
  8 electric eels
  4 crimson imps (Gauntlet)
  2 quasits (Abyss:3)
  3 hounds
  A gnoll bouda (D:8)
  24 orc priests
  4 jellies
  24 orc wizards
  9 adders
  15 gnolls
  2 white imps
  3 ufetubi
  2 worms
  2 dart slugs
  65 orcs
  3 bat zombies (D:3)
  6 endoplasms
  4 giant cockroaches
  5 goblins
  4 hobgoblins
  2 jackals (D:3)
  7 ball pythons
  3 bats
  5 frilled lizards
  17 kobolds
  6 rats
  12 starspawn tentacles
1692 creatures vanquished.

Vanquished Creatures (collateral kills)
  A Tzitzimitl (Depths:4)
  A tengu reaver (Vaults:5)
  A shadow dragon (Vaults:5)
  A frost giant (Vaults:5)
  2 reapers (Depths:4)
  5 vault guards (Vaults:5)
11 creatures vanquished.

Vanquished Creatures (others)
  A dread lich (Vaults:5)
  A vault guard (Vaults:5)
  A merfolk aquamancer (Shoals:4)
  A dancing weapon (Abyss:5)
  A deep elf knight (Elf:1)
  A wretched star (Abyss:4)
  A deep elf archer (Elf:1)
  A sky beast (D:8)
  An orc wizard (D:9)
  A bush (D:10)
  7 demonic plants
  42 fungi
  2 lurking horrors (Abyss:5)
  214 plants
  25 starspawn tentacles
  37 tentacles
  22 withered plants
359 creatures vanquished.

Grand Total: 2062 creatures vanquished

Notes
Turn   | Place    | Note
-------+----------+-------------------------------------------
     0 | D:1      | billz999 the Gnoll Hunter began the quest for the Orb.
     0 | D:1      | Reached XP level 1. HP: 20/20 MP: 1/1
    78 | D:1      | Found Ojoipn's Magic Scroll Shoppe.
   289 | D:1      | Reached XP level 2. HP: 26/26 MP: 2/2
   527 | D:2      | Found a bloodstained altar of Trog.
   806 | D:2      | Reached XP level 3. HP: 31/31 MP: 3/3
  1264 | D:2      | Reached skill level 1 in Invocations
  1399 | D:3      | Reached skill level 1 in Short Blades
  1399 | D:3      | Reached skill level 1 in Long Blades
  1399 | D:3      | Reached skill level 1 in Axes
  1399 | D:3      | Reached skill level 1 in Maces & Flails
  1399 | D:3      | Reached skill level 1 in Polearms
  1399 | D:3      | Reached skill level 1 in Staves
  1399 | D:3      | Reached skill level 1 in Throwing
  1399 | D:3      | Reached skill level 1 in Armour
  1399 | D:3      | Reached skill level 1 in Shields
  1399 | D:3      | Reached skill level 1 in Unarmed Combat
  1399 | D:3      | Reached skill level 1 in Spellcasting
  1399 | D:3      | Reached skill level 1 in Evocations
  1422 | D:3      | Reached XP level 4. HP: 38/38 MP: 5/5
  1476 | D:3      | Found a faded altar of an unknown god.
  1500 | D:3      | Found a glowing silver altar of Zin.
  1541 | D:3      | Found an ancient bone altar of Kikubaaqudgha.
  1549 | D:3      | Became a worshipper of Kikubaaqudgha
  1618 | D:3      | Reached skill level 1 in Conjurations
  1618 | D:3      | Reached skill level 1 in Hexes
  1618 | D:3      | Reached skill level 1 in Summonings
  1618 | D:3      | Reached skill level 1 in Necromancy
  1618 | D:3      | Reached skill level 1 in Translocations
  1618 | D:3      | Reached skill level 1 in Transmutations
  1618 | D:3      | Reached skill level 1 in Fire Magic
  1618 | D:3      | Reached skill level 1 in Ice Magic
  1618 | D:3      | Reached skill level 1 in Air Magic
  1618 | D:3      | Reached skill level 1 in Earth Magic
  1618 | D:3      | Reached skill level 1 in Poison Magic
  2151 | D:4      | Reached XP level 5. HP: 43/43 MP: 7/7
  2154 | D:4      | Found a white marble altar of Elyvilon.
  2282 | D:4      | Reached * piety under Kikubaaqudgha
  2282 | D:4      | Received a gift from Kikubaaqudgha
  2499 | D:5      | Entered Level 5 of the Dungeon
  2815 | D:4      | Reached XP level 6. HP: 43/50 MP: 8/8
  2823 | D:4      | Reached skill level 5 in Fighting
  2823 | D:4      | Reached skill level 5 in Dodging
  2943 | D:5      | Noticed Sigmund
  3361 | D:5      | Gained mutation: You occasionally lose the ability to read
                  | scrolls when taking damage. [potion of mutation]
  3361 | D:5      | Gained mutation: You are partially covered in iridescent
                  | scales. (AC +2) [potion of mutation]
  3361 | D:5      | Gained mutation: You sometimes lose your temper in combat.
                  | [potion of mutation]
  3361 | D:5      | Gained mutation: You are partially covered in large bone
                  | plates. (SH +4) [potion of mutation]
  3362 | D:5      | Lost mutation: You are partially covered in iridescent
                  | scales. (AC +2) [potion of mutation]
  3362 | D:5      | Lost mutation: You occasionally lose the ability to read
                  | scrolls when taking damage. [potion of mutation]
  3362 | D:5      | Lost mutation: You sometimes lose your temper in combat.
                  | [potion of mutation]
  3362 | D:5      | Gained mutation: You are weak. (Str -2) [potion of
                  | mutation]
  3362 | D:5      | Gained mutation: Your magical capacity is low. (-10% MP)
                  | [potion of mutation]
  3362 | D:5      | Gained mutation: You have large cloven feet. [potion of
                  | mutation]
  3490 | D:5      | Killed Sigmund
  3491 | D:5      | Reached XP level 7. HP: 56/56 MP: 9/9
  3598 | D:5      | Found a staircase to the Ecumenical Temple.
  3832 | D:5      | Reached skill level 9 in Ranged Weapons
  4313 | D:6      | Found a sparkling altar of Nemelex Xobeh.
  4468 | D:1      | Bought a scroll of brand weapon for 114 gold pieces
  4468 | D:1      | Bought a scroll of teleportation for 36 gold pieces
  4470 | D:1      | Bought a scroll of identify for 24 gold pieces
  4470 | D:1      | Bought a scroll of identify for 24 gold pieces
  4578 | D:6      | Reached XP level 8. HP: 63/63 MP: 11/11
  4738 | D:6      | Reached ** piety under Kikubaaqudgha
  4878 | D:6      | Found an ornate altar of the Wu Jian Council.
  5150 | D:6      | Found a burning altar of Makhleb.
  5825 | D:7      | Found a shadowy altar of Dithmenos.
  5940 | D:7      | Found an opulent altar of Gozag.
  5986 | D:7      | Reached XP level 9. HP: 65/69 MP: 13/13
  6116 | D:7      | Found a basalt altar of Yredelemnul.
  6215 | D:7      | Noticed Maggie
  6228 | D:7      | Killed Maggie
  6229 | D:7      | Reached skill level 5 in Stealth
  6246 | D:7      | Identified the +6 scale mail of the Frog {rF++ Regen+ rCorr
                  | Int-2}
  6576 | D:7      | Reached skill level 5 in Invocations
  6690 | D:8      | Noticed Joseph
  6724 | D:8      | Reached *** piety under Kikubaaqudgha
  6724 | D:8      | Received a gift from Kikubaaqudgha
  6766 | D:8      | Killed Joseph
  6784 | D:8      | Found a blossoming altar of Fedhas.
  6899 | D:8      | Found a snail-covered altar of Cheibriados.
  6923 | D:8      | Noticed Maurice
  6937 | D:8      | Noticed Psyche
  6939 | D:8      | Killed Maurice
  6940 | D:8      | Reached skill level 5 in Short Blades
  6940 | D:8      | Reached skill level 5 in Long Blades
  6940 | D:8      | Reached skill level 5 in Axes
  6940 | D:8      | Reached skill level 5 in Maces & Flails
  6940 | D:8      | Reached skill level 5 in Polearms
  6940 | D:8      | Reached skill level 5 in Staves
  6940 | D:8      | Reached skill level 10 in Ranged Weapons
  6940 | D:8      | Reached skill level 5 in Throwing
  6940 | D:8      | Reached skill level 5 in Armour
  6940 | D:8      | Reached skill level 5 in Shields
  6940 | D:8      | Reached skill level 5 in Unarmed Combat
  6940 | D:8      | Reached skill level 5 in Spellcasting
  6940 | D:8      | Reached skill level 5 in Evocations
  6940 | D:8      | Reached XP level 10. HP: 44/77 MP: 11/15
  6957 | D:8      | Killed Psyche
  7100 | D:8      | Found an iron altar of Okawaru.
  7344 | D:8      | Found a shimmering altar of Xom.
  7345 | D:8      | Found a hazy altar of Hepliaklqana.
  7346 | D:8      | Noticed a spectral ugly thing
  7489 | D:8      | Got the Verses on Metallic Filth
  7635 | D:9      | Found a staircase to the Orcish Mines.
  7721 | D:9      | Found Eczoeshiyho's General Store.
  7724 | D:9      | Found Xeak's Magic Scroll Boutique.
  7729 | D:9      | Bought a scroll of enchant weapon for 97 gold pieces
  7729 | D:9      | Bought a potion of might for 52 gold pieces
  7729 | D:9      | Bought a potion of might for 52 gold pieces
  7767 | D:9      | Found a broken altar of Ashenzari.
  7827 | D:9      | Found a runed translucent gate.
  7829 | D:9      | Found a runed translucent gate.
  7830 | D:9      | Found a runed translucent gate.
  7834 | D:9      | Noticed MrSquiggles's ghost (novice OpDe)
  7971 | D:9      | Found Geunuest's Weapon Boutique.
  8027 | D:9      | Reached **** piety under Kikubaaqudgha
  8185 | D:9      | Found a transporter.
  8203 | D:9      | Found a transporter.
  8207 | D:9      | Found a transporter.
  8264 | D:9      | Found a transporter.
  8520 | D:10     | Entered Level 10 of the Dungeon
  8596 | D:10     | Found a staircase to the Lair.
  8728 | D:10     | Noticed a two-headed ogre
  8736 | D:10     | Reached skill level 5 in Conjurations
  8736 | D:10     | Reached skill level 5 in Hexes
  8736 | D:10     | Reached skill level 5 in Summonings
  8736 | D:10     | Reached skill level 5 in Necromancy
  8736 | D:10     | Reached skill level 5 in Translocations
  8736 | D:10     | Reached skill level 5 in Transmutations
  8736 | D:10     | Reached skill level 5 in Fire Magic
  8736 | D:10     | Reached skill level 5 in Ice Magic
  8736 | D:10     | Reached skill level 5 in Air Magic
  8736 | D:10     | Reached skill level 5 in Earth Magic
  8736 | D:10     | Reached skill level 5 in Poison Magic
  8736 | D:10     | Reached XP level 11. HP: 78/85 MP: 18/18
  8867 | D:10     | Found the +4 dagger "Morg" {pain, Will+ Int+5}
  8892 | D:10     | Noticed a vault guard
  8908 | D:10     | Killed a vault guard
  8980 | D:10     | Found a portal to a secret trove of treasure.
  9335 | D:10     | Killed a two-headed ogre
 10224 | Lair:1   | Entered Level 1 of the Lair of Beasts
 10314 | Lair:1   | Reached skill level 11 in Ranged Weapons
 10345 | Lair:1   | Reached ***** piety under Kikubaaqudgha
 10430 | Lair:1   | Reached XP level 12. HP: 92/94 MP: 18/20
 11486 | Lair:2   | Noticed a five-headed hydra
 11503 | Lair:2   | Killed a five-headed hydra
 11670 | Lair:2   | Found a staircase to the Shoals.
 11914 | Lair:2   | Noticed a four-headed hydra
 11924 | Lair:2   | Killed a four-headed hydra
 12338 | Lair:3   | Noticed an eight-headed hydra
 12343 | Lair:3   | Killed an eight-headed hydra
 12598 | Lair:3   | Noticed Nessos
 12610 | Lair:3   | Killed Nessos
 12611 | Lair:3   | Reached XP level 13. HP: 76/101 MP: 17/22
 12801 | Lair:3   | Found a hole to the Spider Nest.
 14074 | Lair:4   | Found a runed translucent gate.
 14074 | Lair:4   | Found a runed translucent gate.
 14074 | Lair:4   | Found a runed translucent gate.
 14107 | Lair:4   | You fall into a shaft and drop 1 floor!
 14107 | Lair:5   | Entered Level 5 of the Lair of Beasts
 14171 | Lair:4   | Found a staircase to the Slime Pits.
 14245 | Lair:4   | Noticed Aluic's ghost (adept MiBe)
 14309 | Lair:4   | Reached skill level 12 in Ranged Weapons
 14627 | Lair:4   | Found the +3 pair of seven-league boots {Rampage+∞}
 14676 | Lair:4   | Noticed ragingrage's ghost (journeyman VSBr)
 15398 | Lair:5   | Reached skill level 10 in Fighting
 15398 | Lair:5   | Reached skill level 10 in Dodging
 15480 | Lair:5   | Noticed porpoise's ghost (journeyman MfMo)
 15529 | Lair:5   | Found a runed translucent door.
 15530 | Lair:5   | Noticed an ice dragon
 15742 | Lair:5   | Reached ****** piety under Kikubaaqudgha
 15855 | Lair:5   | Identified the +2 leather armour of the Intense God {Will+}
 16085 | Lair:5   | Reached XP level 14. HP: 110/110 MP: 22/24
 16115 | Lair:5   | Reached skill level 10 in Invocations
 16401 | Lair:5   | Identified the +4 scale mail "Ynenemog" {Str+8}
 16479 | Lair:5   | Found a transporter.
 16479 | Lair:5   | Found a transporter.
 16548 | Lair:5   | Found a one-way gate to the infinite horrors of the Abyss.
 17639 | Orc:1    | Entered Level 1 of the Orcish Mines
 17663 | D:9      | Bought a scroll of acquirement for 624 gold pieces
 17663 | D:9      | Acquired the +0 pair of gloves of Zorof {+Blink}
 18090 | Orc:2    | Entered Level 2 of the Orcish Mines
 18267 | Orc:1    | Reached skill level 10 in Stealth
 18361 | Orc:2    | Found Lanakini's Antique Weapon Emporium.
 18541 | Orc:2    | Found Ijaty's Jewellery Shoppe.
 18766 | Orc:2    | Found Heshroufi's General Store.
 18772 | Orc:2    | Found a staircase to the Elven Halls.
 18984 | Orc:2    | Noticed an orc warlord
 18997 | Orc:2    | Killed an orc warlord
 19063 | Orc:2    | Found Ohauw's Antique Armour Emporium.
 19343 | Orc:1    | You fall into a shaft and drop 1 floor!
 19635 | Orc:1    | Reached skill level 10 in Short Blades
 19635 | Orc:1    | Reached skill level 10 in Long Blades
 19635 | Orc:1    | Reached skill level 10 in Axes
 19635 | Orc:1    | Reached skill level 10 in Maces & Flails
 19635 | Orc:1    | Reached skill level 10 in Polearms
 19635 | Orc:1    | Reached skill level 10 in Staves
 19635 | Orc:1    | Reached skill level 10 in Throwing
 19635 | Orc:1    | Reached skill level 10 in Armour
 19635 | Orc:1    | Reached skill level 10 in Shields
 19635 | Orc:1    | Reached skill level 10 in Unarmed Combat
 19635 | Orc:1    | Reached skill level 10 in Spellcasting
 19635 | Orc:1    | Reached skill level 10 in Evocations
 20356 | D:11     | Found a gate leading to a gauntlet.
 20365 | Gauntlet | Entered a Gauntlet
 20365 | Gauntlet | Found a transporter.
 20375 | Gauntlet | Found a transporter.
 20390 | Gauntlet | Found a transporter.
 20395 | Gauntlet | Found a transporter.
 20410 | Gauntlet | Found a transporter.
 20429 | Gauntlet | Found a transporter.
 20441 | Gauntlet | Found a transporter.
 20453 | Gauntlet | Found a transporter.
 20465 | Gauntlet | Found a transporter.
 20480 | Gauntlet | Found a transporter.
 20494 | Gauntlet | Found a transporter.
 20512 | Gauntlet | Found a transporter.
 20514 | Gauntlet | Found a transporter.
 20539 | Gauntlet | Found a transporter.
 20541 | Gauntlet | Found a transporter.
 20561 | Gauntlet | Found a transporter.
 20639 | Gauntlet | Found a transporter.
 20659 | Gauntlet | Found a transporter.
 20795 | Gauntlet | Identified the +0 pair of gloves "Yteu" {*Slow +Inv Regen+
                  | rCorr}
 20876 | Gauntlet | Identified the ring "Ugoick" {*Slow rElec rPois Str-2
                  | Int+6}
 20906 | Gauntlet | Gained mutation: You are very weak. (Str -4) [a neqoxec]
 20916 | Gauntlet | Gained mutation: You sometimes lose your temper in combat.
                  | [a neqoxec]
 20983 | Gauntlet | Found the +2 cloak of the Thief {*Fog Slay-2 SInv Stlth+}
 20990 | Gauntlet | Reached skill level 13 in Ranged Weapons
 21001 | Gauntlet | Identified the +5 robe of Intuition {rF+}
 21104 | D:11     | Found Rexitwoh's Changing Room.
 21111 | D:11     | Learned a level 5 spell: Borgnjor's Vile Clutch
 21121 | D:11     | Bought a book of Alchemy for 392 gold pieces
 21121 | D:11     | Bought a potion of mutation for 112 gold pieces
 21121 | D:11     | Bought a wand of polymorph (7) for 137 gold pieces
 21121 | D:11     | Lost mutation: Your magical capacity is low. (-10% MP)
                  | [potion of mutation]
 21121 | D:11     | Lost mutation: You are partially covered in large bone
                  | plates. (SH +4) [potion of mutation]
 21121 | D:11     | Lost mutation: You have large cloven feet. [potion of
                  | mutation]
 21121 | D:11     | Gained mutation: You are agile. (Dex +4, Str/Int -1)
                  | [potion of mutation]
 21121 | D:11     | Gained mutation: You are dopey. (Int -2) [potion of
                  | mutation]
 21122 | D:11     | Lost mutation: You are dopey. (Int -2) [potion of mutation]
 21122 | D:11     | Lost mutation: You are very weak. (Str -4) [potion of
                  | mutation]
 21122 | D:11     | Lost mutation: You are agile. (Dex +4, Str/Int -1) [potion
                  | of mutation]
 21122 | D:11     | Gained mutation: You are vulnerable to heat. (rF-) [potion
                  | of mutation]
 21122 | D:11     | Gained mutation: You are partially covered in iridescent
                  | scales. (AC +2) [potion of mutation]
 21123 | D:11     | Lost mutation: You are partially covered in iridescent
                  | scales. (AC +2) [potion of mutation]
 21123 | D:11     | Lost mutation: You are vulnerable to heat. (rF-) [potion of
                  | mutation]
 21123 | D:11     | Gained mutation: You are very weak. (Str -4) [potion of
                  | mutation]
 21123 | D:11     | Gained mutation: Your flesh is heat resistant. (rF+)
                  | [potion of mutation]
 21123 | D:11     | Gained mutation: You have large cloven feet. [potion of
                  | mutation]
 21124 | D:11     | Lost mutation: You have large cloven feet. [potion of
                  | mutation]
 21124 | D:11     | Lost mutation: Your flesh is heat resistant. (rF+) [potion
                  | of mutation]
 21124 | D:11     | Lost mutation: You sometimes lose your temper in combat.
                  | [potion of mutation]
 21124 | D:11     | Gained mutation: You have a pair of small horns on your
                  | head. [potion of mutation]
 21248 | D:11     | Reached XP level 15. HP: 97/115 MP: 23/29
 21249 | D:11     | Lost mutation: You have a pair of small horns on your head.
                  | [potion of mutation]
 21249 | D:11     | Lost mutation: You are very weak. (Str -4) [potion of
                  | mutation]
 21249 | D:11     | Gained mutation: You are agile. (Dex +4, Str/Int -1)
                  | [potion of mutation]
 21249 | D:11     | Gained mutation: Your flesh is cold resistant. (rC+)
                  | [potion of mutation]
 21249 | D:11     | Gained mutation: Your body sometimes deteriorates upon
                  | taking damage. [potion of mutation]
 21249 | D:11     | Gained mutation: Your mind is acute. (Int +4, Str/Dex -1)
                  | [potion of mutation]
 21393 | D:11     | Lost mutation: You are weak. (Str -2) [potion of mutation]
 21393 | D:11     | Lost mutation: Your mind is acute. (Int +4, Str/Dex -1)
                  | [potion of mutation]
 21393 | D:11     | Lost mutation: Your body sometimes deteriorates upon taking
                  | damage. [potion of mutation]
 21393 | D:11     | Gained mutation: You have sharp fingernails. [potion of
                  | mutation]
 21393 | D:11     | Gained mutation: Your flesh is heat resistant. (rF+)
                  | [potion of mutation]
 21393 | D:11     | Gained mutation: You are very agile. (Dex +8, Str/Int -2)
                  | [potion of mutation]
 22072 | D:12     | Acquired 877 gold pieces
 23345 | D:13     | Found a shimmering blue altar of Sif Muna.
 24106 | D:14     | Found a radiant altar of Vehumet.
 24128 | D:14     | Found a gate to the Vaults.
 25149 | D:15     | Entered Level 15 of the Dungeon
 25538 | Spider:1 | Entered Level 1 of the Spider Nest
 25793 | Spider:1 | Noticed Kirke
 26264 | Spider:1 | Killed Kirke
 27916 | Spider:2 | Reached XP level 16. HP: 120/121 MP: 30/30
 28605 | Spider:3 | Noticed Arachne
 28644 | Spider:3 | Killed Arachne
 29716 | Spider:3 | Reached skill level 14 in Ranged Weapons
 30291 | Shoals:1 | Entered Level 1 of the Shoals
 30291 | Shoals:1 | Noticed Donald
 30296 | Shoals:1 | Killed Donald
 30506 | Shoals:1 | Identified Roxanne's Tome of Geology
 30506 | Shoals:1 | Noticed Roxanne
 30870 | Shoals:1 | Noticed a kraken
 31728 | Elf:1    | Entered Level 1 of the Elven Halls
 31950 | Elf:1    | Reached XP level 17. HP: 114/118 MP: 29/32
 32221 | Elf:1    | Reached skill level 10 in Conjurations
 32221 | Elf:1    | Reached skill level 10 in Hexes
 32221 | Elf:1    | Reached skill level 10 in Summonings
 32221 | Elf:1    | Reached skill level 10 in Necromancy
 32221 | Elf:1    | Reached skill level 10 in Translocations
 32221 | Elf:1    | Reached skill level 10 in Transmutations
 32221 | Elf:1    | Reached skill level 10 in Fire Magic
 32221 | Elf:1    | Reached skill level 10 in Ice Magic
 32221 | Elf:1    | Reached skill level 10 in Air Magic
 32221 | Elf:1    | Reached skill level 10 in Earth Magic
 32221 | Elf:1    | Reached skill level 10 in Poison Magic
 32408 | Elf:1    | Got the Guide on Evil Magic
 36130 | Shoals:2 | Found Utanan's Armour Boutique.
 36140 | Shoals:2 | Bought a +0 helmet of intelligence for 195 gold pieces
 37889 | Elf:2    | Found a runed translucent gate.
 37890 | Elf:2    | Found a runed translucent gate.
 37890 | Elf:2    | Found a runed translucent gate.
 37927 | Elf:2    | Found Toships's Book Shoppe.
 37927 | Elf:2    | Found Powkug's Jewellery Boutique.
 37960 | Elf:2    | Found Voixaabo's Book Shoppe.
 37966 | Elf:2    | Bought the Monograph on Peregrination for 544 gold pieces
 37966 | Elf:2    | Bought a book of the Dragon for 736 gold pieces
 37968 | Elf:2    | Bought a +6 ring of dexterity for 540 gold pieces
 37979 | Elf:2    | Learned a level 5 spell: Irradiate
 37984 | Elf:2    | Learned a level 4 spell: Cause Fear
 38181 | Abyss:2  | Cast into level 2 of the Abyss (a deep elf sorcerer)
 38291 | Abyss:2  | Noticed a tentacled starspawn
 38299 | Abyss:2  | Killed a tentacled starspawn
 38312 | Abyss:2  | Reached XP level 18. HP: 118/143 MP: 8/34
 38476 | Abyss:2  | Noticed a bone dragon
 38502 | Abyss:2  | Killed a bone dragon
 38675 | Elf:2    | Escaped the Abyss
 38701 | Elf:2    | Reached skill level 15 in Ranged Weapons
 42499 | Elf:2    | Bought an amulet of reflection for 450 gold pieces
 42797 | Shoals:4 | Entered Level 4 of the Shoals
 45254 | Shoals:4 | Found Qexomm's Weapon Boutique.
 45525 | Shoals:4 | Reached XP level 19. HP: 151/151 MP: 31/36
 45856 | Shoals:4 | Noticed Polyphemus
 45882 | Shoals:4 | Killed Polyphemus
 46201 | Shoals:4 | Identified the +9 trident "Gumioma" {flame, rPois rC+
                  | Stlth+}
 46697 | Shoals:4 | Got a barnacled rune of Zot
 46890 | Spider:4 | Entered Level 4 of the Spider Nest
 49366 | Spider:4 | Got a gossamer rune of Zot
 50016 | Vaults:1 | Entered Level 1 of the Vaults
 50410 | Vaults:1 | Noticed Aizul
 50419 | Vaults:1 | Killed Aizul
 50635 | Vaults:1 | Reached skill level 15 in Invocations
 50678 | Vaults:1 | Reached skill level 16 in Ranged Weapons
 51223 | Vaults:1 | Reached XP level 20. HP: 117/160 MP: 16/37
 53478 | Vaults:2 | Found a large runed translucent door.
 53478 | Vaults:2 | Found a large runed translucent door.
 53478 | Vaults:2 | Found a large runed translucent door.
 53478 | Vaults:2 | Found a large runed translucent door.
 53478 | Vaults:2 | Found a large runed translucent door.
 53478 | Vaults:2 | Found a large runed translucent door.
 53478 | Vaults:2 | Found a large runed translucent door.
 53478 | Vaults:2 | Found a large runed translucent door.
 53478 | Vaults:2 | Noticed scionoferis's ghost (adept GrCA)
 53843 | Vaults:2 | Reached skill level 15 in Fighting
 53843 | Vaults:2 | Reached skill level 15 in Dodging
 53852 | Abyss:2  | Cast into level 2 of the Abyss (a wizard)
 53864 | Abyss:2  | Noticed a bone dragon
 53867 | Abyss:2  | Noticed a hellephant
 53882 | Abyss:3  | Found a corrupted altar of Lugonu.
 54155 | Abyss:3  | Paralysed by you for 3 turns
 54166 | Abyss:4  | Noticed a hellephant
 54328 | Abyss:5  | Noticed a bone dragon
 54344 | Abyss:5  | Noticed a bone dragon
 54513 | Abyss:5  | Found a glowing golden altar of the Shining One.
 54580 | Abyss:5  | Noticed a juggernaut
 54590 | Abyss:5  | Found a glowing golden altar of the Shining One.
 54597 | Abyss:5  | Killed a juggernaut
 54604 | Abyss:5  | Got an abyssal rune of Zot
 54613 | Vaults:2 | Escaped the Abyss
 55047 | Vaults:2 | Reached XP level 21. HP: 160/161 MP: 39/39
 55141 | Vaults:2 | Identified a +8 arbalest of pain (a +6 arbalest of
                  | electrocution bloodied by Kikubaaqudgha)
 55141 | Vaults:2 | Received a gift from Kikubaaqudgha
 56354 | Elf:3    | Entered Level 3 of the Elven Halls
 56903 | Elf:3    | Reached skill level 15 in Stealth
 57955 | Elf:3    | Reached skill level 15 in Short Blades
 57955 | Elf:3    | Reached skill level 15 in Long Blades
 57955 | Elf:3    | Reached skill level 15 in Axes
 57955 | Elf:3    | Reached skill level 15 in Maces & Flails
 57955 | Elf:3    | Reached skill level 15 in Polearms
 57955 | Elf:3    | Reached skill level 15 in Staves
 57955 | Elf:3    | Reached skill level 15 in Throwing
 57955 | Elf:3    | Reached skill level 15 in Armour
 57955 | Elf:3    | Reached skill level 15 in Shields
 57955 | Elf:3    | Reached skill level 15 in Unarmed Combat
 57955 | Elf:3    | Reached skill level 15 in Spellcasting
 57955 | Elf:3    | Reached skill level 15 in Evocations
 58022 | Elf:3    | Reached skill level 17 in Ranged Weapons
 58493 | Elf:3    | Identified the +8 whip of Rotation {freeze, rElec rN+}
 58498 | Elf:3    | Identified the +5 quarterstaff of Virtue {vorpal, Will+}
 58498 | Elf:3    | Identified the +2 leather armour "Qutukkeuk" {Str+6 Dex-2
                  | Stlth+}
 58536 | Elf:3    | Got the Papyrus of Silt
 58547 | Elf:3    | Identified the +5 short sword of the Middle {holy, Will-
                  | rCorr Dex+9}
 58563 | Elf:3    | Identified the +13 chain mail of Ifiogeix {rC++ rN+ Dex-4}
 58566 | Elf:3    | Got the Octavo of Illusion and Lightning
 58570 | Elf:3    | Got the Parchment of Leadership and Graupel
 59037 | Vaults:2 | Learned a level 4 spell: Dispel Undead
 59050 | Vaults:2 | Killed scionoferis's ghost
 59151 | Vaults:2 | Identified the ring "Tinid" {Fire Contam rPois rN+ Dex+3}
 59440 | Vaults:3 | Noticed a bone dragon
 59454 | Vaults:3 | Killed a bone dragon
 59562 | Vaults:3 | Found a staircase to the Crypt.
 59943 | Vaults:3 | Identified the +9 arbalest "Orb Guardian's Foe" {penet,
                  | rF++}
 60456 | Vaults:3 | Acquired 475 gold pieces
 60861 | Shoals:4 | Bought the +13 scythe of Curses {drain, Drain} for 1600
                  | gold pieces
 60861 | Shoals:4 | Found the +13 scythe of Curses {drain, Drain}
 61271 | Vaults:3 | Reached XP level 22. HP: 168/177 MP: 31/41
 62017 | Vaults:4 | Found Xoquiset's General Store.
 62037 | Vaults:4 | Bought a scroll of blinking for 150 gold pieces
 62060 | Vaults:4 | Noticed Mara
 62073 | Vaults:4 | Noticed billz999's illusion
 62088 | Vaults:4 | Killed Mara
 62296 | Vaults:4 | Found Tosynlaz's Jewellery Boutique.
 62786 | Vaults:4 | Found Lixaschi's Armour Shoppe.
 62800 | Vaults:4 | Found Essaesm's General Store.
 64247 | D:15     | Found a staircase to the Depths.
 64599 | Depths:1 | Entered Level 1 of the Depths
 64700 | Depths:1 | Found a gateway to Hell.
 64849 | Depths:1 | Found a transporter.
 65236 | Depths:1 | Found a runed translucent door.
 65236 | Depths:1 | Noticed Mafuddif's ghost (adept HOFi)
 65486 | Depths:1 | Killed Mafuddif's ghost
 65868 | Depths:1 | Paralysed by a vampire knight for 2 turns
 66307 | Depths:2 | Noticed a golden dragon
 66434 | Depths:2 | Killed a golden dragon
 66732 | Depths:2 | Found a hide-covered altar of Uskayaw.
 66981 | Depths:2 | Found a one-way gate leading to the halls of Pandemonium.
 68470 | Depths:3 | Noticed Louise
 68485 | Abyss:5  | Cast into level 5 of the Abyss (Louise)
 68516 | Abyss:5  | Noticed a profane servitor
 68517 | Abyss:5  | Reached XP level 23. HP: 164/185 MP: 15/42
 68541 | Abyss:5  | Noticed an ancient lich
 68549 | Depths:3 | Escaped the Abyss
 68870 | Depths:3 | Killed Louise
 69461 | Depths:3 | Found Akanobba's Armour Shop.
 69657 | Depths:4 | Entered Level 4 of the Depths
 70347 | Depths:4 | Noticed Grunn
 70365 | Depths:4 | Killed Grunn
 70773 | Abyss:5  | Cast into level 5 of the Abyss (reaper)
 70785 | Abyss:5  | Reached skill level 18 in Ranged Weapons
 70859 | Abyss:5  | Gained mutation: Your flesh is very cold resistant. (rC++)
                  | [a neqoxec]
 70998 | Depths:4 | Escaped the Abyss
 71333 | Depths:4 | Noticed a golden dragon
 71338 | Depths:4 | Killed a golden dragon
 71463 | Depths:4 | Found a gate to the Realm of Zot.
 72205 | Abyss:5  | Cast into level 5 of the Abyss (reaper)
 72206 | Abyss:5  | Upgraded the game from 0.30-a0-310-g7d6cbdfea6 to
                  | 0.30-a0-311-gf115ab0292
 72226 | Abyss:5  | Found a corrupted altar of Lugonu.
 72229 | Depths:4 | Escaped the Abyss
 72628 | Depths:4 | Found a one-way gateway to a ziggurat.
 72942 | D:10     | Learned a level 6 spell: Death Channel
 72942 | D:10     | You paid a toll of +3 shadow dragon scales to enter a
                  | treasure trove
 72943 | Trove    | Entered a treasure trove
 72964 | Trove    | Identified the +9 sling of Aroelauf {drain, rPois Will-
                  | Int+2 SInv}
 73387 | Vaults:5 | Entered Level 5 of the Vaults
 73436 | Vaults:5 | Noticed a dread lich
 73452 | Vaults:5 | Paralysed by a dread lich for 4 turns
 73461 | Vaults:5 | Noticed a golden dragon
 73468 | Vaults:5 | HP: 8/184 [Brimstone Fiend[a dread lich] (5)]
 73469 | Vaults:5 | Killed a dread lich
 73476 | Vaults:5 | HP: 7/187 [something (3)]
 73484 | Vaults:5 | HP: 6/187 [golden dragon/bolt of cold (9)]
 73485 | Vaults:5 | Slain by a golden dragon

Illustrated notes

Levels and vault maps discovered:
D:1:      scummos_arrival_simple_fountains, layout_basic, serial_shops,
          nicolae_shop_hallway_plus
D:2:      layout_basic, serial_curves, eino_curves_01, eino_curves_02,
          basic_altar
D:3:      layout_rooms, zin_statuary, lemuel_zombie_altar_kikubaaqudgha,
          shapermc_ecumenical_altar_notcrosses, grunt_ministairs_10,
          minmay_splitting_lines
D:4:      layout_loops_cross, elyvilon_altar_3, due_unseen_surprise
D:5:      layout_loops_ring, minmay_temple_entry_gardened_gates,
          nicolae_kite_square_tiling_tiny, uniq_sigmund
D:6:      layout_basic, lemuel_doored_altar, mainiacjoe_overflow_catwalk_spiral
D:7:      layout_basic, marbit_many_paths, yredelemnul_altar_generic,
          mainiacjoe_overflow_six_doors_small, uniq_maggie
D:8:      layout_rooms, regret_index_temple_of_mockery, okawaru_gym_becter,
          fedhas_altar_fruit_tree, mainiacjoe_overflow_paths,
          hangedman_misty_isle, uniq_psyche, uniq_maurice, uniq_joseph
D:9:      layout_basic, cheibrodos_ashenzari_chains, ebering_ghost_rock_garden,
          serial_shops, shop, nicolae_shop_temple_entry_statues_fountains,
          nicolae_lakefront_shop, nicolae_transporter_circle
D:10:     layout_basic, minmay_lair_entry_grove, enter_trove_5, minmay_puff
D:11:     layout_cave_pods, gauntlet_entry_generic, nicolae_transmutations_shop,
          minmay_beelzebubs_servants
D:12:     layout_basic, serial_bayou, serial_bayou_shore_b, serial_bayou_pond_d,
          serial_bayou_lagoon_a, serial_bayou_pond_b, minivault_5
D:13:     layout_loops_ring, dreamdust_mushroom_princess,
          nicolae_sif_muna_little_library
D:14:     layout_layer_cave, david_vaults_1, nicolae_vehumet_radiance,
          dreamdust_wishing_well
D:15:     grunt_enter_depths_hoard, layout_basic, minmay_misc_feat_columns,
          serial_demonic, serial_demonic_b, serial_demonic_g, serial_demonic_g,
          serial_demonic_e, lemuel_old_faithful
Lair:1:   layout_long_grid, serial_bayou_shore_a
Lair:2:   cheibrodos_lair_river_kwai, layout_loops_ring, shoals_dummy_entry,
          minmay_lindwurm_lava, infiniplex_staircase_pool_2
Lair:3:   layout_gridlike, dummy_spider_entry, grunt_megastairs_1, uniq_nessos
Lair:4:   layout_small_grid, dpeg_slime_entry_enclosed,
          gammafunk_ghost_cemetery, chequers_serial_rivers_small_a,
          serial_bayou_pond_c, st_stairs_12,
          hellmonk_guarded_unrand_seven_league_boots
Lair:5:   wormcave, layout_cave_pods, hangedman_lair_caniforms_friends,
          gammafunk_ghost_abyssal_escape
Shoals:1: layout_shoals, uniq_donald, uniq_roxanne
Shoals:2: layout_shoals, serial_shops, shop, nicolae_shoals_aquamancer_cove
Shoals:3: layout_shoals, nicolae_shoals_seven_spires
Shoals:4: shoals_end_simple, layout_shoals, serial_shops, shop,
          nicolae_shoals_beach_house_on_fowls_legs, uniq_polyphemus
Spider:1: layout_spider_delve, uniq_kirke
Spider:2: layout_chambers, nicolae_spider_cling_halls
Spider:3: layout_chambers, uniq_arachne
Spider:4: hellmonk_spider_rune_bug_friends
Orc:1:    layout_diamond_mine
Orc:2:    grunt_orc_gardens, layout_caves, grunt_orc_garden, grunt_orc_garden,
          grunt_orc_garden, grunt_orc_garden, minmay_orc_keep
Elf:1:    layout_loops_corners, minmay_elf_necromancy
Elf:2:    nicolae_elf_blades_crystal_corner, layout_onion_city,
          hangedman_elf_power_crystal, minmay_shop_grove
Elf:3:    minmay_elf_hall_circle, layout_geoelf_castle
Vaults:1: v_misc_10, vaults_room_door_ring, vaults_room_pool,
          nicolae_vaults_angled_halls, vaults_room_grunt_arrival_checkpoint,
          hangedman_vaults_hat, vaults_dpeg_doors, hangedman_vaults_capsules,
          nicolae_vaults_little_squares_2, nicolae_vaults_little_squares_4,
          dpeg_vaults_monster_box, layout_vaults_chaotic_city, uniq_aizul
Vaults:2: advil_vaults_ghost_lines, vaults_mumra_chevron_long,
          hangedman_vaults_corner, grunt_vaults_hallway_long,
          hangedman_vaults_snaps, st_diamondy, v_misc_18,
          hangedman_vaults_locks, nicolae_vaults_three_branches, v_rooms_6,
          vaults_room_stairs_pillars, v_misc_13, layout_vaults_maze_bifur
Vaults:3: v_alt_pattern_3, hangedman_vaults_stitches,
          nicolae_vaults_network_barrier, v_misc_10, hangedman_vaults_maws,
          minmay_crypt_entry_nasty_monster, v_misc_4, hangedman_vaults_impose,
          nicolae_vaults_yaktaur_gun_rack, layout_vaults_ring
Vaults:4: v_alt_pattern_4, special_room_vaults [special_room_orc],
          ontoclasm_vaults_eye, nicolae_vaults_little_squares_4, v_misc_14,
          vaults_mumra_minichess, nicolae_vaults_angled_halls,
          grunt_vaults_funnel, layout_vaults_quadrants, serial_shops,
          nicolae_lakefront_shop, shop, shop, shop_coins, uniq_mara
Vaults:5: serial_shops
Depths:1: layout_basic, ebering_ghost_inner_flame, hell_entry, serial_sigils,
          serial_sigils_hangedman_stare, serial_sigils_hangedman_shear,
          serial_sigils_hangedman_clutch, serial_sigils_hangedman_quiver,
          serial_sigils_hangedman_scratch, serial_sigils_hangedman_snap,
          hangedman_abyss_entry_splay, nicolae_diode_basic, firewood_loft
Depths:2: abrahamwl_protected_by_tso_1, layout_basic, minmay_crystal_room,
          pf_vacation_house_of_asmodeus, rand_demon_pan_entry_8,
          nicolae_uskayaw_en_pointe
Depths:3: minmay_diamond_stairs, layout_gridlike, hell_entry,
          nicolae_abyss_entry_one_way_or_another, serial_shops,
          nicolae_lakefront_shop, hangedman_decor_opposing,
          rand_demon_pan_entry_3, minmay_staircase_bubble
Depths:4: evilmike_zot_entry_round, layout_gridlike, enter_ziggurat_a,
          pan_entry, hell_entry, minmay_misc_feat_x, serial_bayou_lagoon_b,
          infiniplex_staircase_pool_lava, uniq_grunn

Skill      XL: |  1  2  3  4  5  6  7  8  9 10 11 12 13 14 15 16 17 18 19 20 21 22 23 |
---------------+----------------------------------------------------------------------+-----
Invocations    | 1 2 3 4 5 6 7 8 9 10 11 12 13 14 15 16 17 | 17.9
Short Blades   | 1 2 3 5 6 7 8 9 10 11 12 13 14 15 16 | 16.5
Long Blades    | 1 2 3 5 6 7 8 9 10 11 12 13 14 15 16 | 16.5
Axes           | 1 2 3 5 6 7 8 9 10 11 12 13 14 15 17 | 17.0
Maces & Flails | 1 2 3 5 6 7 8 9 10 11 12 13 14 15 16 | 16.5
Polearms       | 1 2 3 5 6 7 8 9 10 11 12 13 14 15 16 | 16.5
Staves         | 1 2 3 5 6 7 8 9 10 11 12 13 14 15 16 | 16.5
Throwing       | 1 2 3 5 6 7 8 9 10 11 12 13 14 15 16 | 16.5
Armour         | 1 2 3 5 6 7 8 9 10 11 12 13 14 15 16 | 16.5
Shields        | 1 2 3 5 6 7 8 9 10 11 12 13 14 15 16 | 16.5
Unarmed Combat | 1 2 3 5 6 7 8 9 10 11 12 13 14 15 16 | 16.5
Spellcasting   | 1 2 3 5 6 7 8 9 10 11 12 13 14 15 16 | 16.5
Evocations     | 1 2 3 5 6 7 8 9 10 11 12 13 14 15 16 | 16.5
Conjurations   | 1 2 3 4 5 6 7 8 9 10 11 12 13 14 | 14.1
Hexes          | 1 2 3 4 5 6 7 8 9 10 11 12 13 14 | 14.1
Summonings     | 1 2 3 4 5 6 7 8 9 10 11 12 13 14 | 14.1
Necromancy     | 1 2 3 4 5 6 7 8 9 10 11 12 13 14 | 14.1
Translocations | 1 2 3 4 5 6 7 8 9 10 11 12 13 14 | 14.1
Transmutations | 1 2 3 4 5 6 7 8 9 10 11 12 13 14 | 14.1
Fire Magic     | 1 2 3 4 5 6 7 8 9 10 11 12 13 14 | 14.1
Ice Magic      | 1 2 3 4 5 6 7 8 9 10 11 12 13 14 | 14.1
Air Magic      | 1 2 3 4 5 6 7 8 9 10 11 12 13 14 | 14.1
Earth Magic    | 1 2 3 4 5 6 7 8 9 10 11 12 13 14 | 14.1
Poison Magic   | 1 2 3 4 5 6 7 8 9 10 11 12 13 14 | 14.1
Stealth        | 3 4 5 6 7 8 9 10 11 12 13 14 15 16 | 16.7
Fighting       | 5 6 7 8 9 10 11 12 13 14 15 16 17 | 17.1
Dodging        | 5 6 7 8 9 10 11 12 13 14 15 16 17 | 17.1
Ranged Weapons | 9 10 11 12 13 14 15 16 17 18 | 18.3

Action                   |  1- 3 |  4- 6 |  7- 9 | 10-12 | 13-15 | 16-18 | 19-21 | 22-24 || total
-------------------------+-------+-------+-------+-------+-------+-------+-------+-------++-------
Melee: Dagger            |       |    26 |   231 |   699 |  1044 |    72 |       |       ||  2072
       Bite              |       |     2 |    32 |   121 |   182 |    13 |       |       ||   350
       Punch             |       |     2 |     8 |    45 |    78 |     9 |       |       ||   142
       Kick              |       |       |    92 |   287 |   379 |       |       |       ||   758
       Unarmed           |       |       |       |       |    31 |       |       |       ||    31
       Glaive            |       |       |       |       |       |       |     7 |       ||     7
 Fire: Shortbow          |   107 |   124 |   121 |   261 |       |       |       |       ||   613
       Arbalest          |       |       |       |       |   688 |  1063 |  1038 |   679 ||  3468
       Longbow           |       |       |       |       |    62 |       |       |       ||    62
 Cast: Borgnjor's Vile C |       |       |       |       |       |   225 |   391 |   170 ||   786
       Cause Fear        |       |       |       |       |       |     1 |     1 |     3 ||     5
       Irradiate         |       |       |       |       |       |       |     3 |       ||     3
       Dispel Undead     |       |       |       |       |       |       |     5 |    11 ||    16
       Death Channel     |       |       |       |       |       |       |       |     1 ||     1
Invok: Torment           |       |       |       |       |       |     1 |       |       ||     1
       Brand Weapon With |       |       |       |       |       |       |     1 |       ||     1
 Abil: Evoke Invisibilit |       |       |       |       |     4 |     6 |     3 |     1 ||    14
       Evoke Blink       |       |       |       |       |     3 |       |       |     3 ||     6
Evoke: Wand              |       |       |     4 |    12 |    20 |    14 |    18 |     5 ||    73
       Condenser vane    |       |       |       |       |     3 |     1 |     3 |     5 ||    12
       Lightning rod     |       |       |       |       |     1 |     2 |       |     4 ||     7
       Phial of floods   |       |       |       |       |       |       |       |     1 ||     1
  Use: Potion            |       |     3 |       |     2 |    12 |     9 |    18 |    21 ||    65
       Scroll            |       |       |     6 |     5 |    17 |     7 |    18 |    26 ||    79
 Stab: Paralysed         |       |       |     2 |     1 |     1 |     1 |       |       ||     5
       Sleeping          |       |       |       |     3 |     2 |     3 |     1 |       ||     9
       Invisible         |       |       |       |       |     4 |     5 |       |       ||     9
Armor: Leather armour    |     2 |       |       |       |       |       |       |       ||     2
       Chain mail        |    10 |   116 |   137 |       |       |       |    26 |   344 ||   633
       Scale mail        |       |       |    51 |   301 |   719 |   398 |   287 |       ||  1756
       Skin              |       |       |       |       |       |       |       |    37 ||    37
Dodge: Dodged            |    20 |    54 |    59 |   278 |   924 |   775 |   653 |   337 ||  3100
Block: Other             |       |     1 |    39 |    94 |   156 |    15 |   176 |   115 ||   596
       Reflection        |       |       |       |       |       |     1 |    21 |     7 ||    29

Table legend: (Time is in decaauts)
 A = Elapsed time spent in this place.
 B = Non-inter-level travel time spent in this place.
 C = Inter-level travel time spent in this place.
 D = Time resting spent in this place.
 E = Time spent auto-exploring this place.
 F = Levels seen in this place.
 G = Mean time per level.
                   A        B        C        D        E       F      G
               +--------+--------+--------+--------+--------+-----+--------+
         Total |  74872 |  65453 |   9419 |  15178 |  36851 |  52 | 1439.8 |
       Dungeon |  18698 |  15466 |   3232 |   1603 |  10941 |  15 | 1246.5 |
          Lair |   7829 |   6173 |   1656 |    439 |   4173 |   5 | 1565.8 |
        Shoals |   8828 |   7794 |   1034 |   3444 |   2974 |   4 | 2207.0 |
   Spider Nest |   7772 |   7217 |    555 |   2183 |   3535 |   4 | 1943.0 |
  Orcish Mines |   2682 |   1926 |    756 |    255 |   1134 |   2 | 1341.0 |
   Elven Halls |   8880 |   7928 |    952 |   2294 |   4213 |   3 | 2960.0 |
        Vaults |   9785 |   9034 |    751 |   2142 |   5139 |   5 | 1957.0 |
        Depths |   8009 |   7529 |    480 |   2547 |   3885 |   4 | 2002.2 |
         Abyss |   1640 |   1640 |      0 |    268 |    495 |   8 |  205.0 |
         Trove |    110 |    110 |      0 |      0 |     26 |   1 |  110.0 |
      Gauntlet |    636 |    636 |      0 |      0 |    334 |   1 |  636.0 |
               +--------+--------+--------+--------+--------+-----+--------+

Top non-repeatable levels by time:
   Elf:2: 3701 daAuts
Vaults:1: 3060 daAuts
    D:10: 2988 daAuts
   Elf:1: 2950 daAuts
Spider:3: 2799 daAuts
Vaults:2: 2717 daAuts
Depths:4: 2610 daAuts
Shoals:4: 2415 daAuts
Shoals:2: 2345 daAuts
Shoals:1: 2233 daAuts
   Elf:3: 2228 daAuts
Vaults:4: 2227 daAuts
  Lair:5: 2210 daAuts
Depths:3: 2201 daAuts
Spider:4: 2131 daAuts
